Match 42640130
Unlisted

Match 42640130
End
Royal Engineer Section
Construct Section Command Post
ML 3-inch Mortar Team
Infantry Section
Selects Canadian Shock Battlegroup
Selects Attacking Spirit
Selects Canadian Shock Section
Canadian Shock Section
Construct Platoon Command Post
Selects Incendiary Munitions
Unlock M3 Stuart Light Tanks
M3 Stuart Light Tank
Canadian Shock Section
Selects Pyrotechnics
Canadian Shock Section
Construct Company Command Post
Selects Point Assault
Crusader II Medium Tank
Infantry Section
Point Assault
CMP 15cwt Truck
Selects Churchill Crocodile Heavy Tank
Churchill Crocodile Heavy Tank
Foot Guards Section
Tok3n x Operator
TechT0nic
MonoChrome
Reiper
The Rizzler of Azkaban
欧金金斯库一
0
0

Comments sign in to comment!

No comments posted yet!